 Dungeon Crawl Stone Soup version 0.24.0-13-gcf9b319 (webtiles) character file.

Game seed: 8445112953955557956, levelgen mode: deterministic

29 CBukowski the Grave Robber (level 3, -3/25 (26) HPs)
             Began as a Ghoul Necromancer on Nov 16, 2019.
             Slain by an adder (4 damage)
             ... on level 2 of the Dungeon.
             The game lasted 00:06:01 (1599 turns).

CBukowski the Grave Robber (Ghoul Necromancer)      Turns: 1599, Time: 00:06:02

HP:   -3/25 (26)    AC:  4    Str: 11    XL:     3   Next: 16%
MP:   3/4           EV: 12    Int: 11    God:
Gold: 87            SH:  0    Dex:  9    Spells: 3/5 levels left

rFire    . . .     SeeInvis .   (no weapon)
rCold    + . .     Gourm    .   (no shield)
rNeg     + + +     Faith    .   a - +0 robe
rPois    ∞         Spirit   .   (no helmet)
rElec    .         Reflect  .   e - +1 cloak
rCorr    .         Harm     .   (no gloves)
MR       +....                  (no boots)
Stlth    ++........             k - amulet of inaccuracy (curse)
HPRegen  0.00/turn              f - ring of poison resistance
MPRegen  0.09/turn              j - ring of protection from magic

@: rotting
A: rotting body, claws 1, carnivore, cold resistance 1, negative energy
resistance 3, inhibited regeneration, torment resistance, unbreathing
a: no special abilities


You were on level 2 of the Dungeon.
You were not hungry.

You visited 1 branch of the dungeon, and saw 2 of its levels.

You collected 87 gold pieces.

Inventory:

Armour
 a - a +0 robe (worn)
 e - a +1 cloak (worn)
Jewellery
 f - a ring of poison resistance (left claw)
 i - an uncursed ring of ice
 j - a ring of protection from magic (right claw)
 k - a cursed amulet of inaccuracy (around neck)
Scrolls
 b - a scroll of enchant weapon
 h - a scroll of remove curse {unknown}
Potions
 d - a potion of curing {unknown}
 g - a potion of lignification
Comestibles
 c - 7 rations


   Skills:
 - Level 1.7 Dodging
 - Level 2.1 Stealth
 + Level 0.2 Unarmed Combat
 - Level 1.7 Spellcasting
 * Level 5.0 Necromancy


You had 3 spell levels left.
You knew the following spells:

 Your Spells              Type           Power        Failure   Level  Hunger
a - Pain                  Necr           ##..         3%          1    ##.....
b - Animate Skeleton      Necr           N/A          3%          1    ##.....

Your spell library contained the following spells:

 Spells                   Type           Power        Failure   Level  Hunger
 Vampiric Draining        Necr           ##........   12%         3    ####...
 Regeneration             Chrm/Necr      #.........   32%         3    ####...
 Animate Dead             Necr           N/A          36%         4    #####..


Dungeon Overview and Level Annotations

Branches:
Dungeon (2/15)

Altars:


Innate Abilities, Weirdness & Mutations

Your body is rotting away.
You thrive on raw meat.
You are immune to poison.
You have sharp fingernails.
You are carnivorous and can eat meat at any time.
Your flesh is cold resistant. (rC+)
You are immune to negative energy. (rN+++)
You do not regenerate when monsters are visible.
You are immune to unholy pain and torment.
You can survive without breathing.


Message History

* * * LOW HITPOINT WARNING * * *
The adder bites you but does no damage.
Your magical contamination has completely faded away.
You closely miss the adder. The adder bites you but does no damage.
You miss the adder. The adder misses you.
You miss the adder. The adder barely misses you.
You completely miss the adder. The adder bites you.
* * * LOW HITPOINT WARNING * * *
The adder closely misses you.
You completely miss the adder. The adder bites you but does no damage.
You closely miss the adder. The adder bites you.
* * * LOW HITPOINT WARNING * * *
You closely miss the adder.
The adder bites you but does no damage. x2
You miss the adder. The adder bites you but does no damage.
You closely miss the adder. The adder misses you.
You barely miss the adder. The adder misses you. x2
You barely miss the adder. The adder bites you but does no damage.
You miss the adder. The adder bites you but does no damage.
You miss the adder. The adder bites you.
You die...

# ###.( .....
##...## ##.....##
##.......## ###
#.........####.....
+.........'@S......
#.........####...#.
#.......## ...
##.....## . ##...##
##'## #.# #.# ##.##


You could see an adder.

Vanquished Creatures
  An ooze (D:1)
  A dart slug (D:1)
  A leopard gecko (D:1)
  A goblin (D:1)
  6 hobgoblins
  5 bats
  A frilled lizard (D:1)
  3 kobolds (D:1)
  4 rats (D:1)
23 creatures vanquished.

Notes
Turn   | Place    | Note
-------+----------+-------------------------------------------
     0 | D:1      | CBukowski the Ghoul Necromancer began the quest for the
                  | Orb.
     0 | D:1      | Reached XP level 1. HP: 14/14 MP: 2/2
     2 | D:1      | Learned a level 1 spell: Animate Skeleton
   370 | D:1      | Reached XP level 2. HP: 19/19 MP: 0/3
   985 | D:1      | Reached XP level 3. HP: 25/26 MP: 0/4
  1492 | D:2      | Reached skill level 5 in Necromancy
  1592 | D:2      | HP: 1/25 [adder (1)]
  1599 | D:2      | Slain by an adder

Levels and vault maps discovered:
D:1:      saegor_arrival_simple_c, layout_loops_ring, minmay_indecisive_spiral
D:2:      layout_loops_corners, lightli_temple_of_fire, kennysheep_minor_cross,
          uniq_terence

Skill      XL: |  1  2  3 |
---------------+----------+-----
Necromancy     | 5 |  5.0
Dodging        | |  1.7
Stealth        | |  2.1
Unarmed Combat | |  0.2
Spellcasting   | |  1.7

Action                   || total
-------------------------++-------
Melee: Unarmed           ||    82
 Cast: Pain              ||    29
  Use: Scroll            ||     3
 Stab: Sleeping          ||     1
  Eat: Chunk             ||     3
Armor: Robe              ||    26
Dodge: Dodged            ||    49
